 Dungeon Crawl Stone Soup version 0.31-a0-174-g85c54bcb58 (console) character file.

Game seed: 4402308018343667380

11365 petzl the Destroyer (level 12, -3/88 HPs)
             Began as a Formicid Delver on June 15, 2023.
             Was a Priest of Vehumet.
             Slain by a skeletal warrior
             ... wielding a +0 war axe
              (19 damage)
             ... on level 15 of the Dungeon on June 16, 2023.
             The game lasted 01:40:02 (12434 turns).

petzl the Destroyer (Formicid Delver)              Turns: 12434, Time: 01:40:03

Health: -3/88      AC: 11    Str: 16    XL:     12   Next: 6%
Magic:  9/24       EV: 12    Int: 29    God:    Vehumet [***...]
Gold:   299        SH: 11    Dex: 20    Spells: 4/27 levels left

rFire   . . .        a - +2 orcbow (drain)
rCold   . . .        W - +0 buckler
rNeg    . . .        h - +0 ring mail
rPois   .            (helmet unavailable)
rElec   .            z - +1 cloak {Will+}
rCorr   .            t - +0 pair of gloves
SInv    +            M - +1 pair of boots
Will    ++...        Q - amulet of reflection
Stlth   +++++        k - +6 ring of intelligence
HPRegen 0.34/turn    H - ring of Wuza {Int+4 Dex+6 Stlth+}
MPRegen 0.19/turn

%: reflection
@: no status effects
A: permanent stasis, dig shafts and tunnels, antennae 3, four strong arms,
hooves 1, clever 1, wild magic 1
a: Dig, Shaft Self, Renounce Religion


You were on level 15 of the Dungeon.
You worshipped Vehumet.
Vehumet was most pleased with you.
You visited 2 branches of the dungeon, and saw 16 of its levels.

You collected 689 gold pieces.
You spent 390 gold pieces at shops.

Inventory:

Hand Weapons
 a - a +2 orcbow of draining (weapon)
 b - a +1 short sword of venom
 c - a +3 scimitar of flaming
 i - a +0 whip of electrocution
 o - a +3 quarterstaff of chaos
 s - a +0 rapier
 K - a +3 flail of freezing
 N - a +0 arbalest
 R - a +0 shortbow
 X - a +1 orcbow of freezing
Missiles
 r - 4 boomerangs
 A - 23 poisoned darts
Armour
 h - a +0 ring mail (worn)
 l - a scarf of shadows
 t - a +0 pair of gloves (worn)
 x - an orb of energy
 y - a scarf of resistance
 z - a +1 cloak of willpower (worn)
 M - a +1 pair of boots (worn)
 W - a +0 buckler (worn)
Jewellery
 g - an amulet of guardian spirit
 k - a +6 ring of intelligence (left hand)
 H - the ring of Wuza (right hand) {Int+4 Dex+6 Stlth+}
   (You acquired it on level 4 of the Dungeon)

   [ring of dexterity]

   Int:       It affects your intelligence (+4).
   Dex:       It affects your dexterity (+6).
   Stlth:     It makes you more stealthy.
 Q - an amulet of reflection (around neck)
 Y - an amulet of regeneration
Wands
 d - a wand of roots (6)
 f - a wand of digging (9)
 p - a wand of flame (36)
 v - a wand of polymorph (3)
 w - a wand of mindburst (11)
 S - a wand of paralysis (4)
Scrolls
 e - 2 scrolls of fear
 B - 2 scrolls of immolation
 D - a scroll of poison
 L - a scroll of brand weapon
 O - a scroll of butterflies
 P - a scroll of enchant armour
 V - a scroll of torment
Potions
 j - a potion of curing
 m - 2 potions of enlightenment {unknown}
 n - 4 potions of mutation
 q - 2 potions of ambrosia {unknown}
 u - a potion of invisibility {unknown}
 C - 3 potions of brilliance
 E - 3 potions of heal wounds {unknown}
 F - a potion of degeneration {unknown}
 G - a potion of experience {unknown}
 I - a potion of berserk rage {unknown}
 J - 2 potions of cancellation {unknown}
 T - a potion of attraction {unknown}
Miscellaneous
 U - a phial of floods


   Skills:
 + Level 6.1 Fighting
 - Level 2.8 Maces & Flails
 - Level 3.0 Ranged Weapons
 - Level 3.5 Armour
 - Level 4.0 Dodging
 + Level 8.6 Stealth
 * Level 4.1 Shields
 - Level 8.4 Spellcasting
 + Level 8.6 Conjurations
 - Level 0.8 Fire Magic
 - Level 3.0 Ice Magic
 * Level 4.2 Air Magic
 * Level 4.3 Earth Magic
 - Level 5.1 Poison Magic
 - Level 3.0 Evocations


You had 4 spell levels left.
You knew the following spells:

 Your Spells              Type           Power      Damage    Failure   Level
a - Stone Arrow           Conj/Erth      100%       3d13      1%          3
b - Searing Ray           Conj           100%       2d8       1%          2
c - Hailstorm             Conj/Ice       56%        3d12      1%          3
d - Magic Dart            Conj           100%       1d8       1%          1
e - Plasma Beam           Fire/Air       17%        2x1d28    82%         6
j - Arcjolt               Conj/Air       29%        1d39      8%          5
m - Mephitic Cloud        Conj/Pois/Air  57%        N/A       1%          3

Your spell library contained the following spells:

 Spells                   Type           Power      Damage    Failure   Level
 Freeze                   Ice            100%       1d10      1%          1
 Momentum Strike          Conj/Tloc      96%        3d10      1%          2
 Frozen Ramparts          Ice            76%        1d12      3%          3
 Fulminant Prism          Conj/Hex       24%        3d12      7%          4
 Inner Flame              Hex/Fire       18%        N/A       10%         3
 Beastly Appendage        Tmut           30%        N/A       16%         1
 Spider Form              Tmut/Pois      35%        N/A       16%         3
 Call Imp                 Summ           30%        N/A       22%         2
 Lesser Beckoning         Tloc           30%        N/A       22%         2
 Wereblood                Tmut           15%        N/A       22%         2
 Yara's Violent Unravell  Hex/Tmut       7%         3d5       61%         5
 Enfeeble                 Hex            7%         N/A       100%        7
 Malign Gateway           Summ/Tloc      7%         N/A       100%        7
 Summon Horrible Things   Summ           7%         N/A       100%        8
 Vhi's Electric Charge    Tloc/Air       Unusable   N/A       N/A         3
 Blink                    Tloc           Unusable   N/A       N/A         2

Dungeon Overview and Level Annotations

Branches:
Dungeon (15/15)            Temple (1/1) D:4             Orc (0/2) D:9
   Lair: D:8-11      Vaults: D:13-14     Depths: D:15

Altars:
Ashenzari
Fedhas
Hepliaklqana
Trog
Vehumet
Wu Jian
Zin
The Shining One

Shops:
D:7 (   D:8 =

Annotations:
D:7 exclusion: 3 downstairs
D:9 exclusion: downstairs
D:10 exclusion: downstairs
D:13 exclusions: centaur warrior and sensed monster (detected)
D:14 exclusions: deep elf archer and 2 sensed monsters (detected), Jorgrun
D:15 exclusions: boulder beetle, 4 sensed monsters (detected), tengu conjurer and upstairs


Innate Abilities, Weirdness & Mutations

You cannot be hasted, slowed, berserked, paralysed or teleported.
You can dig through walls and to a lower floor.
You have a pair of large antennae on your head. (SInv)
Your four strong arms can wield two-handed weapons with a shield.
You have large cloven feet.
Your mind is acute. (Int +4, Str/Dex -1)
Your spells are a little harder to cast, but a little more powerful.


Message History

Casting: Stone Arrow (safe; 1% risk of failure)
Confirm with . or Enter, or press ? or * to list all spells.
Casting: Hailstorm (safe; 1% risk of failure)
Press: ? - help, Dir - look around, f - activate A cannonade of hail descends around you!
The hail pelts the skeletal warrior.
The skeletal warrior partially resists.
The skeletal warrior is moderately damaged.
The hail pelts the skeletal warrior!
The skeletal warrior partially resists.
The skeletal warrior is moderately damaged.
The skeletal warrior hits you from afar with a +0 glaive!
The skeletal warrior enters a dispersal trap!
The skeletal warrior blinks! x2; You feel a strange sense of stasis.
The skeletal warrior blinks!
Unknown command.
The skeletal warrior attacks as you move away!
You block the skeletal warrior's attack.
You block the skeletal warrior's attack. x2
Really walk into that dispersal trap?
You enter a dispersal trap!
The skeletal warrior blinks! x6
You feel a strange sense of stasis.
The skeletal warrior hits you but does no damage.
There is a dispersal trap here.
The skeletal warrior hits you from afar with a +0 glaive!!
* * * LOW HITPOINT WARNING * * *
There is an open door, spattered with blood here.
Really walk into that dispersal trap?
You enter a dispersal trap!
The skeletal warrior blinks! x7
You feel a strange sense of stasis. The skeletal warrior misses you.
There is a dispersal trap, spattered with blood here.
The skeletal warrior attacks as you move away!
The skeletal warrior hits you with a +0 glaive.
* * * LOW HITPOINT WARNING * * *
The skeletal warrior barely misses you.
There is an open door, spattered with blood here.
Really walk into that dispersal trap?
You enter a dispersal trap!
The skeletal warrior blinks! x4
You feel a strange sense of stasis.
You block the skeletal warrior's attack.
The skeletal warrior hits you with a +0 war axe!!
You die...

########## ###### #........#
##########....##### #........#
#........#....#.... #.?......#
#........#....#.... #.....§..#
#........#....#....
#####....######...##..#....#....
#####.....######..#....#####
#..z..#...##..#.........
#...§.'...#...#.........
#...z@#)..#...'.........
#...§§#...##..#.........
#.....#...##..#.........
#..§..+...##..#.........
#.....#...##..#######...
#.....#...'.........#<..
#.....#...#.........#...
#.....'...##....##..#...
#.....#...##....##..#...
#.....#...##....##..#...
#.....#.............'... #....
#...................#... #....
#.........###z#####.#... #....
########..##....###.##+# #....
#...'............# #....
#...#............# #....
#...#............'
#....###################.###'###
#....#..#..#####..##.##.....


You could see 2 skeletal warriors.

Vanquished Creatures
  An ettin (D:15)
  A centaur warrior (D:15)
  Erica (D:8)
  A skeletal warrior (D:15)
  A deep elf pyromancer (D:15)
  A wizard (D:15)
  An orc sorcerer (D:15)
  A gargoyle (D:10)
  An unseen horror (D:12)
  2 hornets
  A wraith (D:10)
  A shadow (D:10)
  10 yaks
  A wyvern (D:9)
  A steam dragon (D:8)
  3 water moccasins
  A black bear (D:4)
  An orc warrior (D:9)
  An ice beast (D:8)
  6 centaurs
  2 ogres (D:5)
  A phantom (D:5)
  5 bullfrogs
  4 gnoll sergeants
  A scorpion (D:4)
  13 wights
  13 killer bees
  6 howler monkeys
  A jelly (D:3)
  Crazy Yiuf (D:4)
  5 orc priests
  2 gnoll boudas
  5 hounds
  A sleepcap (D:5)
  5 iguanas
  Natasha (thrice) (D:4)
  9 orc wizards
  27 gnolls
  11 adders
  A shadow imp (D:6)
  A white imp (D:5)
  2 ufetubi (D:5)
  4 dart slugs
  23 orcs
  7 ball pythons
  8 bats
  8 endoplasms
  3 giant cockroaches
  7 goblins
  6 hobgoblins
  4 jackals
  6 kobolds
  6 quokkas
  3 frilled lizards (D:1)
  24 rats
265 creatures vanquished.

Vanquished Creatures (collateral kills)
  A killer bee (D:8)
1 creature vanquished.

Vanquished Creatures (others)
  An orc (D:8)
1 creature vanquished.

Grand Total: 267 creatures vanquished

Notes
Turn   | Place    | Note
-------+----------+-------------------------------------------
     0 | D:5      | petzl the Formicid Delver began the quest for the Orb.
     0 | D:5      | Reached XP level 1. HP: 18/18 MP: 1/1
    38 | D:6      | Noticed a hound
    73 | D:7      | Noticed a howler monkey
   123 | D:6      | Killed a hound
   124 | D:6      | Reached XP level 2. HP: 22/24 MP: 2/2
   124 | D:6      | Reached XP level 3. HP: 27/29 MP: 3/3
   154 | D:6      | Noticed a water moccasin
   186 | D:6      | Reached XP level 4. HP: 31/37 MP: 4/4
   213 | D:7      | Noticed a water moccasin
   235 | D:5      | Noticed an ogre
   394 | D:5      | Reached skill level 1 in Spellcasting
   394 | D:5      | Reached XP level 5. HP: 20/42 MP: 4/7
   636 | D:5      | Noticed a phantom
   913 | D:5      | Reached XP level 6. HP: 45/48 MP: 9/11
  1205 | D:4      | Noticed Natasha
  1290 | D:4      | Learned a level 1 spell: Magic Dart
  1345 | D:4      | Noticed Blork the orc
  1354 | D:4      | Blork the orc changed into Blork the iguana
  1354 | D:4      | Noticed Blork
  1362 | D:4      | Killed Blork the iguana
  1403 | D:4      | Noticed a black bear
  1424 | D:5      | Noticed an ogre
  1432 | D:5      | Reached skill level 1 in Conjurations
  1455 | D:5      | Reached XP level 7. HP: 50/54 MP: 11/13
  1471 | D:5      | Learned a level 2 spell: Searing Ray
  3765 | D:3      | Reached skill level 5 in Spellcasting
  4031 | D:3      | Noticed a water moccasin
  4062 | D:3      | Killed a water moccasin
  4063 | D:3      | Reached XP level 8. HP: 16/60 MP: 14/16
  4385 | D:3      | Found a faded altar of an unknown god.
  4519 | D:4      | Reached skill level 1 in Ranged Weapons
  4659 | D:4      | Found a staircase to the Ecumenical Temple.
  4661 | D:4      | Identified a scroll of acquirement
  4667 | Temple   | Entered the Ecumenical Temple
  4713 | Temple   | Became a worshipper of Vehumet
  4849 | D:4      | Found a runed translucent door.
  4850 | D:4      | Noticed Crazy Yiuf
  4868 | D:4      | Killed Crazy Yiuf
  5140 | D:4      | Killed Natasha
  5142 | D:4      | Noticed Natasha
  5155 | D:4      | Killed Natasha
  5169 | D:4      | Noticed Natasha
  5171 | D:4      | Killed Natasha
  5359 | D:5      | Reached skill level 5 in Conjurations
  5660 | D:6      | Reached XP level 9. HP: 32/65 MP: 13/18
  6138 | D:6      | Reached * piety under Vehumet
  6138 | D:6      | Offered knowledge of Foxfire by Vehumet.
  6521 | D:7      | Noticed a hornet
  6532 | D:7      | Killed a hornet
  6614 | D:7      | You fall into a shaft and drop 2 floors!
  7134 | D:7      | Found Qucaw's Weapon Shoppe.
  7231 | D:7      | You fall into a shaft and drop 3 floors!
  7231 | D:10     | Entered Level 10 of the Dungeon
  7342 | D:11     | Noticed an unseen horror
  7347 | D:11     | Noticed a troll
  7640 | D:9      | Reached XP level 10. HP: 71/71 MP: 21/21
  7645 | D:9      | Learned a level 3 spell: Hailstorm
  7893 | D:10     | Reached skill level 1 in Armour
  7893 | D:10     | Reached skill level 1 in Evocations
  7927 | D:10     | Learned a level 3 spell: Mephitic Cloud
  8033 | D:9      | Reached skill level 1 in Ice Magic
  8043 | D:9      | Reached skill level 1 in Poison Magic
  8056 | D:9      | Reached skill level 1 in Air Magic
  8061 | D:9      | You fall into a shaft and drop 1 floor!
  8263 | D:8      | Noticed Erica
  8699 | D:7      | Offered knowledge of Shock by Vehumet.
  8704 | D:7      | You fall into a shaft and drop 1 floor!
  8710 | D:8      | Found Woungeo's Jewellery Shoppe.
  8718 | D:8      | Bought an amulet of reflection for 390 gold pieces
  8735 | D:8      | Reached ** piety under Vehumet
  8749 | D:8      | You fall into a shaft and drop 2 floors!
  8977 | D:10     | Found an ornate altar of the Wu Jian Council.
  9045 | D:10     | Noticed a gargoyle
  9546 | D:9      | Found a staircase to the Orcish Mines.
  9730 | D:8      | Gained mutation: Your mind is acute. (Int +4, Str/Dex -1)
                  | [potion of mutation]
  9730 | D:8      | Gained mutation: Your spells are a little harder to cast,
                  | but a little more powerful. [potion of mutation]
  9730 | D:8      | Gained mutation: You have large cloven feet. [potion of
                  | mutation]
  9762 | D:8      | Reached XP level 11. HP: 51/78 MP: 18/23
  9854 | D:8      | Reached skill level 5 in Fighting
 10290 | D:8      | Killed Erica
 10290 | D:8      | Offered knowledge of Stone Arrow by Vehumet.
 10528 | D:8      | Learned a level 3 spell: Stone Arrow
 10565 | D:8      | Learned a level 6 spell: Plasma Beam
 10913 | D:9      | Reached skill level 5 in Poison Magic
 11162 | D:10     | Reached *** piety under Vehumet
 11163 | D:10     | Reached skill level 1 in Earth Magic
 11174 | D:10     | You fall into a shaft and drop 3 floors!
 11233 | D:13     | Noticed a centaur warrior
 11467 | D:12     | Noticed a green ugly thing
 11478 | D:12     | You fall into a shaft and drop 2 floors!
 11484 | D:14     | Noticed a deep elf archer
 11582 | D:14     | Noticed a deep elf zephyrmancer
 11583 | D:14     | Noticed a deep elf archer
 11584 | D:14     | Noticed a deep elf knight
 11587 | D:14     | You fall into a shaft and drop 1 floor!
 11587 | D:15     | Entered Level 15 of the Dungeon
 11697 | D:14     | Noticed Jorgrun
 11728 | D:15     | Noticed a skeletal warrior
 11730 | D:15     | Acquired the ring of Wuza {Int+4 Dex+6 Stlth+}
 11739 | D:15     | Learned a level 5 spell: Arcjolt
 11988 | D:15     | Noticed a boulder beetle
 12031 | D:15     | Noticed a centaur warrior
 12046 | D:15     | Killed a centaur warrior
 12047 | D:15     | Reached skill level 1 in Shields
 12096 | D:15     | Noticed an orc sorcerer
 12107 | D:15     | Killed an orc sorcerer
 12107 | D:15     | Noticed an ettin
 12224 | D:15     | Killed an ettin
 12274 | D:15     | Noticed a deep troll
 12305 | D:15     | Noticed a deep elf pyromancer
 12313 | D:15     | Noticed a centaur warrior
 12314 | D:15     | Killed a deep elf pyromancer
 12320 | D:15     | Noticed a manticore
 12338 | D:15     | Noticed a wizard
 12365 | D:15     | Killed a wizard
 12366 | D:15     | Reached XP level 12. HP: 67/88 MP: 10/24
 12379 | D:15     | Noticed a skeletal warrior
 12380 | D:15     | Noticed a skeletal warrior
 12406 | D:15     | Noticed a skeletal warrior
 12413 | D:15     | Killed a skeletal warrior
 12434 | D:15     | Slain by a skeletal warrior

Illustrated notes

Levels and vault maps discovered:
D:1:      dpeg_arrival_stone_temple_mockup, layout_basic, interstate_on_off
D:2:      layout_loops_cross, kennysheep_donut, minmay_split_cup_small
D:3:      minmay_thinvault, layout_rooms,
          dreamdust_ecumenical_altar_angels_and_demons, minmay_rat_hole
D:4:      layout_cave_pools, temple_green, serial_bayou_lagoon_b,
          uniq_blork_the_orc, uniq_natasha, uniq_crazy_yiuf_cottage
D:5:      layout_rooms, mainiacjoe_overflow_tiny_flanked,
          nicolae_nh_ransacked_shop
D:6:      layout_loops_ring
D:7:      layout_cave_pools, serial_shops, shop
D:8:      wad_pebble_path, layout_cave_pools, serial_shops,
          nicolae_shop_gaudy_bauble, uniq_erica
D:9:      layout_stronghold, orc_0_dummy
D:10:     layout_rooms, mainiacjoe_overflow_paths
D:11:     layout_long_grid, lair_entry_dummy, nicolae_transporter_intersection
D:12:     layout_basic
D:13:     layout_loops_cross, david_vaults_2, gauntlet_entry_generic,
          amethyst_killhole, slow_altar_2, uniq_erolcha, uniq_lodul
D:14:     layout_basic, nrook_campfire, uniq_frances, uniq_jorgrun
D:15:     hangedman_depths_entry_civil_slaughter, layout_gridville,
          hangedman_ru_absence, enter_trove_2, uniq_nessos
Temple:   nicolae_temple_slightly_damp_pantheon

Skill      XL: |  1  2  3  4  5  6  7  8  9 10 11 12 |
---------------+-------------------------------------+-----
Dodging        | 2 3 4 |  4.0
Fighting       | 4 6 |  6.1
Spellcasting   | 1 3 4 5 6 7 8 |  8.4
Conjurations   | 1 3 5 8 |  8.6
Ranged Weapons | 3 |  3.0
Armour         | 2 3 |  3.5
Evocations     | 2 3 |  3.0
Ice Magic      | 2 3 |  3.0
Poison Magic   | 3 5 |  5.1
Stealth        | 7 8 |  8.6
Air Magic      | 2 4 |  4.2
Earth Magic    | 4 |  4.3
Shields        | 3 4 |  4.1
Maces & Flails | |  2.8
Fire Magic     | |  0.8

Action                     |  1- 3 |  4- 6 |  7- 9 | 10-12 || total
---------------------------+-------+-------+-------+-------++-------
  Melee: Long sword        |    14 |    73 |       |       ||    87
         Punch             |     1 |     3 |     5 |     2 ||    11
         Short sword       |       |    59 |   375 |   115 ||   549
         Quarterstaff      |       |       |     3 |    43 ||    46
   Fire: Orcbow            |       |       |   123 |   164 ||   287
  Throw: Boomerang         |       |    12 |     1 |       ||    13
   Cast: Magic Dart        |       |     2 |       |       ||     2
         Searing Ray       |       |       |     5 |     5 ||    10
         Mephitic Cloud    |       |       |       |    62 ||    62
         Hailstorm         |       |       |       |    23 ||    23
         Stone Arrow       |       |       |       |    21 ||    21
         Arcjolt           |       |       |       |     1 ||     1
Ability: Dig               |       |       |     3 |     3 ||     6
         Shaft Self        |       |       |     2 |     6 ||     8
  Evoke: Wand              |       |     2 |       |     1 ||     3
    Use: Scroll            |       |       |    10 |     6 ||    16
         Potion            |       |       |       |     3 ||     3
   Stab: Sleeping          |     1 |     1 |    15 |       ||    17
         Distracted        |       |     1 |       |       ||     1
         Confused          |       |       |       |     9 ||     9
 Armour: Ring mail         |     9 |    55 |   179 |    59 ||   302
  Dodge: Dodged            |    11 |   110 |   258 |   121 ||   500
  Block: Other             |       |       |       |    16 ||    16
         Buckler           |       |       |       |    13 ||    13
         Reflection        |       |       |       |     7 ||     7

Table legend: (Time is in decaauts)
 A = Elapsed time spent in this place.
 B = Non-inter-level travel time spent in this place.
 C = Inter-level travel time spent in this place.
 D = Time resting spent in this place.
 E = Time spent auto-exploring this place.
 F = Levels seen in this place.
 G = Mean time per level.
                   A        B        C        D        E       F      G
               +--------+--------+--------+--------+--------+-----+--------+
         Total |  12597 |  11946 |    651 |   2945 |   4377 |  16 |  787.3 |
       Dungeon |  12532 |  11900 |    632 |   2945 |   4344 |  15 |  835.5 |
        Temple |     65 |     46 |     19 |      0 |     33 |   1 |   65.0 |
               +--------+--------+--------+--------+--------+-----+--------+

Top non-repeatable levels by time:
     D:9: 1867 daAuts
     D:7: 1338 daAuts
     D:5: 1231 daAuts
     D:1: 1228 daAuts
     D:6: 1085 daAuts
     D:3: 1014 daAuts
     D:4: 1003 daAuts
     D:8: 972 daAuts
    D:15: 847 daAuts
    D:10: 790 daAuts
     D:2: 712 daAuts
    D:12: 195 daAuts
    D:14: 116 daAuts
    D:13: 110 daAuts
  Temple: 65 daAuts
